 Dungeon Crawl Stone Soup version 0.21.0 (webtiles) character file.

221 Leibowitz the Cutter (level 6, -4/36 HPs)
             Began as a Kobold Gladiator on Jan 7, 2018.
             Killed by divine providence
             ... invoked by an orc priest
              (6 damage)
             ... on level 3 of the Dungeon.
             The game lasted 00:03:49 (1447 turns).

Leibowitz the Cutter (Kobold Gladiator)             Turns: 1447, Time: 00:03:50

Health: -4/36      AC:  4    Str: 11    XL:     6   Next: 19%
Magic:  0/6        EV: 17    Int: 10    God:
Gold:   64         SH:  0    Dex: 18    Spells: 5/5 levels left

rFire    . . .     SeeInvis .   a - +0 rapier
rCold    . . .     Gourm    .   (shield restricted)
rNeg     . . .     Faith    .   b - +0 leather armour
rPois    .         Spirit   +   c - +0 helmet
rElec    .         Reflect  .   e - scarf {Spirit}
rCorr    .         Harm     .   (no gloves)
MR       .....                  (no boots)
Stlth    ++........             g - amulet of regeneration
HPRegen  0.52/turn              (no ring)
MPRegen  0.10/turn              (no ring)

@: no status effects
A: small, carnivore
a: no special abilities


You were on level 3 of the Dungeon.
You were very full.

You visited 1 branch of the dungeon, and saw 3 of its levels.

You collected 64 gold pieces.

Inventory:

Hand Weapons
 a - a +0 rapier (weapon)
Missiles
 d - 3 throwing nets (quivered)
Armour
 b - a +0 leather armour (worn)
 c - a +0 helmet (worn)
 e - a scarf of spirit shield (worn)
Jewellery
 g - an amulet of regeneration (around neck)
Scrolls
 j - 3 scrolls of remove curse {unknown}
 k - 3 scrolls of identify {unknown}
 l - 3 scrolls of teleportation {unknown}
 m - a scroll of noise {unknown}
Potions
 i - a potion of flight {unknown}
 n - a potion of agility {unknown}
 o - a potion of curing {unknown}
Comestibles
 f - 4 rations


   Skills:
 + Level 2.8 Fighting
 + Level 6.0 Short Blades
 + Level 2.6 Throwing
 + Level 1.3 Armour
 + Level 4.9 Dodging
 + Level 2.6 Stealth


You had 5 spell levels left.
You didn't know any spells.

Dungeon Overview and Level Annotations

Branches:
Dungeon (3/15)

Altars:


Innate Abilities, Weirdness & Mutations

You are small and have problems with some larger weapons.
You are carnivorous and can eat meat at any time.


Message History

The gnoll is almost dead.
The gnoll barely misses you. The orc wizard hits you with a dagger.
The rat twitches its whiskers.
The gnoll hits you but does no damage.
You hit the gnoll.
You kill the gnoll!
Your Short Blades skill increases to level 6!
The gnoll misses you. The orc wizard barely misses you.
The gnoll barely misses you. The orc wizard casts a spell at you.
The magic dart hits you!
* * * LOW HITPOINT WARNING * * *
An orc comes into view.
The orc wizard gestures at you while chanting.
The magic dart hits you!
* * * LOW HITPOINT WARNING * * *
An orc priest comes into view. It is wielding a hand axe.
The orc priest mumbles some strange prayers to Beogh against you.
Beogh smites you!
You die...

########### ..o #.
#......>..# ...# #.
##.........#
.....#.##...<......#
..o..#.#...........#
...#........(.######
......#r...#w##
#......####r#
....#.@r# #g#
.........###(#
.#........##)#
.....###.ogrg# ...#.
#...#.# #. # #.....#
. .......#
..........
..[.?.$.....


You could see an orc priest, an orc wizard, a gnoll, an orc, a quokka and 2
rats.

Vanquished Creatures
  A scorpion (D:2)
  A hound (D:3)
  Jessica (D:2)
  3 adders (D:2)
  3 gnolls (D:3)
  An ooze (D:1)
  2 worms (D:2)
  2 dart slugs
  3 leopard geckos
  3 bats
  2 giant cockroaches (D:1)
  7 goblins
  2 hobgoblins
  6 jackals
  2 kobolds
  2 ball pythons
  3 frilled lizards
  4 rats
48 creatures vanquished.

Notes
Turn   | Place    | Note
-------+----------+-------------------------------------------
     0 | D:1      | Leibowitz the Kobold Gladiator began the quest for the Orb.
     0 | D:1      | Reached XP level 1. HP: 12/12 MP: 1/1
    22 | D:1      | Reached XP level 2. HP: 12/17 MP: 0/2
   421 | D:1      | Reached XP level 3. HP: 19/21 MP: 3/3
   659 | D:2      | Noticed a scorpion
   667 | D:2      | Reached skill level 5 in Short Blades
   684 | D:2      | Killed a scorpion
   684 | D:2      | Reached XP level 4. HP: 5/27 MP: 1/4
   771 | D:2      | Noticed Jessica
   794 | D:2      | Killed Jessica
   794 | D:2      | Reached XP level 5. HP: 24/31 MP: 3/5
   968 | D:2      | Reached skill level 1 in Armour
  1421 | D:3      | Reached XP level 6. HP: 27/36 MP: 4/6
  1443 | D:3      | Reached skill level 6 in Short Blades
  1446 | D:3      | HP: 1/36 [orc wizard/magic dart (7)]
  1447 | D:3      | Killed from afar by an orc priest

Skill      XL: |  1  2  3  4  5  6 |
---------------+-------------------+-----
Dodging        | 4 |  4.9
Short Blades   | 5 6 |  6.0
Stealth        | 2 |  2.6
Armour         | 1 |  1.3
Fighting       | |  2.8
Throwing       | |  2.6

Action                   |  1- 3 |  4- 6 || total
-------------------------+-------+-------++-------
Melee: Rapier            |    89 |   103 ||   192
Throw: Throwing net      |     1 |       ||     1
  Use: Potion            |       |     1 ||     1
 Stab: Held in net/web   |     2 |       ||     2
       Sleeping          |       |     2 ||     2
  Eat: Chunk             |     8 |     1 ||     9
Armor: Leather armour    |    11 |    16 ||    27
Dodge: Dodged            |    61 |    91 ||   152
